 Dungeon Crawl Stone Soup version 0.30.1-4-g462c640d31 (webtiles) character file.

Game seed: 929144773395545132

136338 GeoRichter the Warrior (level 16, -1/126 HPs)
             Began as a Demonspawn Reaver on Sept 4, 2023.
             Was the Champion of Hepliaklqana.
             Slain by a tarantella (14 damage)
             ... on level 1 of the Spider Nest.
             The game lasted 00:41:01 (23085 turns).

GeoRichter the Warrior (Demonspawn Reaver)         Turns: 23085, Time: 00:41:02

Health: -1/126     AC: 15    Str: 11    XL:     16   Next: 66%
Magic:  19/19      EV: 22    Int: 18    God:    Hepliaklqana [******]
Gold:   1005       SH: 18    Dex: 27    Spells: 18/19 levels left

rFire   + + .        O - +12 double sword of Raof {flame, rElec Str-5 Dex+5}
rCold   . . .        u - +2 kite shield
rNeg    + . .        F - +0 troll leather armour
rPois   +            (helmet unavailable)
rElec   +            b - +1 cloak {rF+}
rCorr   +            f - +0 pair of gloves
SInv    +            (no boots)
Will    ++++.        A - amulet of the Four Winds {rN+ Will+++ Clar}
Stlth   +++          s - ring "Kezo" {Wiz Str+4 Stlth+}
HPRegen 5.21/turn    q - ring of Vyng {rPois rF+ AC+4 Int+3}
MPRegen 0.16/turn

%: clarity, wizardry (x1)
@: mighty, agile, spiked, studying Stealth
A: reduced essence, antennae 3, yellow scales 3, powered by death 2, powered by
pain 2, agile 1, wild magic 1
a: Renounce Religion, Recall Ancestor, Ancestor Identity, Transference, Idealise


You were on level 1 of the Spider Nest.
You worshipped Hepliaklqana.
Hepliaklqana was exalted by your worship.
You visited 5 branches of the dungeon, and saw 24 of its levels.
You also visited: Ossuary, Bailey, Ice Cave and Volcano.

You collected 2656 gold pieces.
You spent 1651 gold pieces at shops.

Inventory:

Hand Weapons
 w - the +4 double sword of the Resonant God {freeze, *Noise MP-9 Str+3 Int+7}
   (You acquired it on level 5 of the Dungeon)

   Str:       It affects your strength (+3).
   Int:       It affects your intelligence (+7).
   MP:        It affects your magic capacity (-9).
   *Noise:    It may make noises in combat.
 O - the +12 double sword of Raof (weapon) {flame, rElec Str-5 Dex+5}
   (You acquired it on level 4 of the Lair of Beasts)

   Str:       It affects your strength (-5).
   Dex:       It affects your dexterity (+5).
   rElec:     It insulates you from electricity.
Missiles
 M - 2 throwing nets (quivered) {!f}
 Z - 2 curare-tipped darts {!f}
Armour
 b - a +1 cloak of fire resistance (worn)
   (You found it in a volcano)
 f - a +0 pair of gloves (worn)
   (You found it on level 1 of the Dungeon)
 u - a +2 kite shield (worn)
   (You bought it in a shop on level 12 of the Dungeon)
 F - a +0 troll leather armour (worn)
   (You found it on level 1 of the Orcish Mines)
 S - +0 steam dragon scales
   (You found it on level 8 of the Dungeon)
Jewellery
 q - the ring of Vyng (right hand) {rPois rF+ AC+4 Int+3}
   (You found it on level 5 of the Dungeon)

   [ring of protection]

   AC:        It affects your AC (+4).
   Int:       It affects your intelligence (+3).
   rF:        It protects you from fire.
   rPois:     It protects you from poison.
 s - the ring "Kezo" (left hand) {Wiz Str+4 Stlth+}
   (You found it on level 3 of the Dungeon)

   [ring of wizardry]

   It improves your spell success rate.
   Str:       It affects your strength (+4).
   Stlth:     It makes you more stealthy.
 z - a ring of protection from cold
   (You found it on level 4 of the Dungeon)
 A - the amulet of the Four Winds (around neck) {rN+ Will+++ Clar}
   (You bought it in a shop on level 1 of the Orcish Mines)

   [amulet of nothing]

   rN:        It protects you from negative energy.
   Clar:      It protects you from confusion, rage, mesmerisation and fear.
   Will:      It greatly increases your willpower.
 R - a ring of willpower
   (You found it on level 15 of the Dungeon)
 W - a ring of flight
   (You found it on level 2 of the Lair of Beasts)
Wands
 d - a wand of paralysis (14)
   (You found it in a volcano)
 l - a wand of acid (6)
   (You found it on level 13 of the Dungeon)
 x - a wand of iceblast (8)
   (You found it on level 4 of the Dungeon)
 L - a wand of digging (4)
   (You took it off a gnoll on level 7 of the Dungeon)
 U - a wand of flame (13)
   (You found it on level 10 of the Dungeon)
Scrolls
 h - 2 scrolls of torment {!r}
 i - 5 scrolls of vulnerability {!r}
 k - 5 scrolls of butterflies
 m - 3 scrolls of enchant armour
 y - 3 scrolls of fog
 B - 5 scrolls of enchant weapon
 C - 4 scrolls of poison
 E - 4 scrolls of blinking
 G - 5 scrolls of immolation {!r}
 J - 2 scrolls of noise {!r}
 N - a scroll of silence
 T - a scroll of fear
 V - 7 scrolls of teleportation {@r4}
 X - a scroll of brand weapon
 Y - 2 scrolls of magic mapping
Potions
 a - 2 potions of lignification {!q}
 c - 4 potions of heal wounds {@q2}
 e - 5 potions of mutation {!q}
 g - 2 potions of invisibility
 j - 2 potions of resistance
 n - 16 potions of flight
 o - 5 potions of attraction {!q}
 p - 7 potions of brilliance
 r - 5 potions of might
 t - 6 potions of cancellation
 v - a potion of berserk rage
 D - 20 potions of curing {@q1}
 H - 3 potions of magic
 I - 3 potions of haste {@q3}
 K - 2 potions of ambrosia
Miscellaneous
 P - a phantom mirror
   (You found it in a bailey)
 Q - a phial of floods
   (You found it in a bailey)


   Skills:
 + Level 17.3 Fighting
 - Level 16.0 Long Blades
 - Level 7.2 Dodging
 * Level 14.5 Shields
 - Level 2.0 Spellcasting
 - Level 8.2 Conjurations


You had 18 spell levels left.
You knew the following spells:

 Your Spells              Type           Power      Damage    Failure   Level
a - Kiss of Death         Conj/Necr      84%        2d11      6%          1

Your spell library contained the following spells:

 Spells                   Type           Power      Damage    Failure   Level
 Foxfire                  Conj/Fire      84%        2x1d8     6%          1
 Shock                    Conj/Air       84%        1d8       6%          1
 Momentum Strike          Conj/Tloc      42%        3d9       9%          2
 Hailstorm                Conj/Ice       21%        3d6       16%         3
 Slow                     Hex            8%         N/A       26%         1
 Sting                    Tmut/Pois      8%         1d3       26%         1
 Blink                    Tloc           4%         N/A       34%         2
 Lesser Beckoning         Tloc           4%         N/A       34%         2
 Poisonous Vapours        Pois/Air       4%         N/A       34%         2
 Sublimation of Blood     Necr           2%         N/A       34%         2
 Fulminant Prism          Conj/Hex       10%        3d8       41%         4
 Iskenderun's Mystic Bla  Conj/Tloc      21%        2d6       41%         4
 Sticky Flame             Conj/Fire      21%        2d4       41%         4
 Confusing Touch          Hex            2%         N/A       56%         3
 Frozen Ramparts          Ice            4%         1d1       56%         3
 Gell's Gravitas          Tloc           2%         N/A       56%         3
 Ignite Poison            Fire/Tmut/Pois 2%         N/A       56%         3
 Swiftness                Air            2%         N/A       56%         3
 Teleport Other           Tloc           2%         N/A       56%         3
 Vampiric Draining        Necr           2%         2d6       56%         3
 Volatile Blastmotes      Fire/Tloc      4%         2d10      56%         3
 Fireball                 Conj/Fire      10%        3d6       73%         5
 Irradiate                Conj/Tmut      10%        3d15      73%         5
 Airstrike                Air            1%         2d(1-17)  89%         4
 Cause Fear               Hex            1%         N/A       89%         4
 Ice Form                 Ice/Tmut       2%         N/A       89%         4
 Manifold Assault         Tloc           2%         N/A       89%         4
 Olgreb's Toxic Radiance  Pois           2%         N/A       89%         4
 Petrify                  Tmut/Erth      2%         N/A       89%         4
 Summon Ice Beast         Ice/Summ       2%         N/A       89%         4
 Lee's Rapid Deconstruct  Erth           1%         3d4*      99%         5
 Starburst                Conj/Fire      10%        6d5       99%         6
 Plasma Beam              Fire/Air       1%         2x1d12    100%        6
 Simulacrum               Ice/Necr       1%         N/A       100%        6
 Dragon Form              Tmut           1%         N/A       100%        7
 Storm Form               Tmut/Air       1%         N/A       100%        7
 Ignition                 Fire           1%         3d3       100%        8
 Dragon's Call            Summ           1%         N/A       100%        9


Dungeon Overview and Level Annotations

Branches:
Dungeon (15/15) Zot: 25424  Temple (1/1) D:4 Zot: 5894    Lair (5/5) D:8 Zot: 25082
 Shoals (0/4) Lair:2       Spider (1/4) Lair:3 Zot: 5991   Slime (0/5) Lair:4
    Orc (2/2) D:9 Zot: 10423     Elf (0/3) Orc:2        Vaults (0/5) D:13
 Depths (0/4) D:15        Ossuary (visited)          Bailey (visited)
  IceCv (visited)         Volcano (visited)

Altars:
Ashenzari
Cheibriados
Dithmenos
Fedhas
Gozag
Hepliaklqana
Kikubaaqudgha
Makhleb
Nemelex Xobeh
Okawaru
Qazlal
Ru
Sif Muna
Trog
Uskayaw
Vehumet
Wu Jian
Xom
Yredelemnul

Shops:
D:4 *   D:12 [=([?   Orc:1 =*   Orc:2 [!**

Annotations:
D:3 3 runed translucent doors, Crazy Yiuf; kalagan's ghost, amateur DECj
Lair:1 2 transporters
Lair:2 1 runed translucent door, Coelui Ibad's ghost, journeyman MiBe
Lair:5 exclusion: obsidian statue


Innate Abilities, Weirdness & Mutations

Your life essence is reduced to manifest your ancestor. (-10% HP)
You have a pair of large antennae on your head. (SInv)
You are completely covered in yellow scales. (AC +4, rCorr)
You regenerate health from kills.
You sometimes gain power by taking damage.
You are agile. (Dex +4, Str/Int -1)
Your spells are a little harder to cast, but a little more powerful.


Message History

The meliai invokes the aid of its god against you.
Something smites you! The steelbarb worm hits you.
* * * LOW HITPOINT WARNING * * *
Barbed spikes become lodged in your body.
Thamphthis points at the steelbarb worm and mumbles some strange words.
The bolt of magma hits the steelbarb worm!
The steelbarb worm partially resists.
The wolf spider simulacrum hits Thamphthis!
The wolf spider simulacrum freezes Thamphthis!
Thamphthis resists.
The wolf spider simulacrum bites Thamphthis but does no damage.
The barbs in your skin will harm you if you move.
Continue?
The barbed spikes dig painfully into your body as you move.
* * * LOW HITPOINT WARNING * * *
A wolf spider comes into view.
The steelbarb worm misses you. The tarantella touches you!
* * * LOW HITPOINT WARNING * * *
You focus on the pain.
You feel very mighty all of a sudden.
A redback comes into view.
The wolf spider simulacrum hits you but does no damage.
You block the wolf spider simulacrum's attack.
Thamphthis hits the wolf spider simulacrum with a +0 quarterstaff!!
The barbed spikes dig painfully into your body as you move.
* * * LOW HITPOINT WARNING * * *
The meliai simulacrum hits Thamphthis.
The meliai simulacrum freezes Thamphthis.
Thamphthis resists.
The meliai simulacrum hits Thamphthis!
The meliai simulacrum freezes Thamphthis.
Thamphthis resists.
Thamphthis is destroyed!
The jumping spider leaps!
The steelbarb worm barely misses you.
The meliai calls down the wrath of its god upon you.
Something smites you!
* * * LOW HITPOINT WARNING * * *
You focus on the pain.
You feel agile all of a sudden.
There is a crawl-hole back to the Lair here.
Unknown command.
The tarantella touches you!
* * * LOW HITPOINT WARNING * * *
The steelbarb worm hits you.
* * * LOW HITPOINT WARNING * * *
Barbed spikes become lodged in your body.
The meliai calls down the wrath of its god upon you.
Something smites you!
* * * LOW HITPOINT WARNING * * *
The tarantella touches you!
You die...

....## ......
.....^ # #.....
.. #. ....##
...#.# .....#
..^s#.###.....#
......{#@y#
#....sysw#......
........Z# s....
#......)........
.........#{s..!#
....##....{y#...
.>.. .....{{s{..
... .#.........
.# ..#..#..s....


You could see a steelbarb worm, 2 wolf spiders, a tarantella (soul bound), 2
meliai and a meliai simulacrum.

Vanquished Creatures
  2 sphinxes
  2 tengu reavers (D:13)
  A frost giant (IceCv)
  An iron dragon (D:13)
  An orc warlord (Orc:1)
  A stone giant (D:15)
  The ghost of Jophas the Thaumaturge, a journeyman GnWn of Uskayaw (Orc:1)
  A red draconian (Volcano)
  4 dire elephants (Lair:5)
  Azrael (D:12)
  3 yaktaur captains
  An ogre mage (D:15)
  3 vault guards (D:13)
  2 catoblepae (D:13)
  6 hydras
  6 centaur warriors
  A rakshasa (D:15)
  A death knight (D:14)
  12 two-headed ogres
  4 boulder beetles
  8 death yaks
  3 tengu warriors (D:15)
  9 orc high priests (Orc:2)
  A salamander mystic (Volcano)
  3 skeletal warriors (D:15)
  A spectral death yak (Lair:5)
  2 skysharks (Lair:5)
  A pharaoh ant (Spider:1)
  4 phantasmal warriors
  A lindwurm (Lair:5)
  2 wizards (D:13)
  A spectral anaconda (Lair:5)
  4 necromancers
  2 orc knights
  A wolf spider (Spider:1)
  4 manticores
  4 orc sorcerers (Orc:2)
  5 cyclopes
  11 elephants
  4 salamanders (Volcano)
  8 ugly things
  2 black mambas
  Joseph (Lair:1)
  A guardian serpent (shapeshifter) (D:14)
  2 gargoyles
  9 cane toads
  An ice statue (IceCv)
  2 molten gargoyles (Volcano)
  2 freezing wraiths
  3 kobold demonologists
  2 efreet
  7 komodo dragons
  2 unseen horrors
  6 rime drakes
  A tengu conjurer (D:15)
  8 polar bears
  4 trolls
  A meliai (Spider:1)
  A hornet (D:8)
  13 blink frogs
  A spectral elephant (Lair:5)
  Sigmund (D:3)
  8 slime creatures
  A shadow (D:9)
  3 wraiths
  2 vampires
  48 yaks
  3 fire elementals (D:12)
  A wyvern (D:9)
  14 humans (D:13)
  Grum (D:11)
  3 basilisks
  13 vampire mosquitoes
  A steam dragon (D:8)
  A death yak simulacrum (Lair:5)
  2 redbacks (Lair:3)
  6 wargs (Orc:2)
  Menkaure (D:4)
  A two-headed ogre zombie (D:9)
  2 acid dragons
  4 hell hounds
  6 water moccasins
  Duvessa (D:7)
  20 orc warriors
  5 ice beasts
  2 elephant zombies (Lair:5)
  A black bear (D:6)
  6 ogres
  A boggart (D:14)
  13 centaurs
  3 kobold brigands
  21 wolves
  3 phantoms
  An elf zombie (Ossuary)
  7 bullfrogs
  2 gnoll sergeants
  5 scorpions
  4 wights (D:6)
  Dowan (D:7)
  A troll zombie (D:9)
  An elephant simulacrum (Lair:5)
  A killer bee (D:7)
  2 vampire bats (D:8)
  A lava snake (Volcano)
  A jelly (D:6)
  33 orc priests
  A gnoll bouda (D:9)
  4 hounds
  A sleepcap (D:7)
  5 iguanas
  Natasha (thrice) (D:3)
  10 orc wizards
  5 ogre zombies (D:9)
  2 mummies (Ossuary)
  17 gnolls
  A river rat (D:5)
  6 adders
  A shadow imp (D:7)
  14 white imps
  An ufetubus (D:6)
  A worm (D:5)
  5 dart slugs
  59 orcs
  7 bats
  3 bat zombies (D:8)
  8 endoplasms
  9 giant cockroaches
  13 goblins
  6 hobgoblins
  4 jackals (D:2)
  14 kobolds
  3 quokkas
  4 ball pythons
  5 frilled lizards
  6 hobgoblin zombies
  2 kobold zombies (Ossuary)
  3 orc skeletons (D:9)
  15 orc zombies (D:9)
  11 rats
  2 rat zombies (D:5)
711 creatures vanquished.

Vanquished Creatures (collateral kills)
  A tengu reaver (D:13)
  Erolcha (Orc:2)
  A hydra (D:14)
  2 two-headed ogres
  A tengu warrior (D:15)
  2 death yaks (IceCv)
  Sonja (D:11)
  A skeletal warrior (D:15)
  2 skysharks
  2 wizards
  An orc knight (Orc:1)
  An orc sorcerer (Orc:1)
  5 ugly things (D:15)
  5 elephants
  A torpor snail (Lair:5)
  6 cane toads
  2 kobold demonologists
  A komodo dragon (Lair:5)
  A freezing wraith (D:14)
  An unseen horror (D:9)
  A rime drake (Lair:3)
  A wyvern (Lair:5)
  A slime creature (D:13)
  2 humans (D:13)
  A wraith (D:9)
  2 fire elementals (D:12)
  2 fire bats (Volcano)
  10 yaks
  A basilisk (Lair:2)
  A vampire mosquito (D:15)
  A spectral cane toad (Lair:5)
  A warg (Orc:1)
  An acid dragon (D:10)
  A water moccasin (Lair:5)
  A hell hound (D:12)
  8 orc warriors
  A sky beast (D:7)
  An ice beast (D:8)
  3 boggarts (D:14)
  4 wolves
  3 centaurs (D:11)
  An ogre (Orc:1)
  4 bullfrogs
  2 scorpions
  A cane toad simulacrum (Lair:5)
  A gnoll sergeant (D:8)
  A wight (D:6)
  A troll zombie (D:9)
  2 lava snakes (Volcano)
  A jelly (Lair:4)
  A gnoll bouda (D:7)
  3 orc priests
  A sleepcap (D:5)
  An iguana (D:7)
  9 orc wizards
  A mummy (Ossuary)
  7 gnolls
  A river rat (D:5)
  2 adders
  2 white imps (Lair:4)
  41 orcs
  A bat skeleton (D:8)
  3 goblins
  A hobgoblin (Bailey)
  13 kobolds
  A quokka (D:5)
  3 goblin zombies
  A hobgoblin zombie (D:9)
  A kobold zombie (Ossuary)
  2 orc skeletons (D:9)
  An orc zombie (D:9)
  3 rats (D:5)
198 creatures vanquished.

Vanquished Creatures (others)
  23 battlemagi
  2 ancestors
25 creatures vanquished.

Grand Total: 934 creatures vanquished

Notes
Turn   | Place    | Note
-------+----------+-------------------------------------------
     0 | D:1      | GeoRichter the Demonspawn Reaver began the quest for the
                  | Orb.
     0 | D:1      | Reached XP level 1. HP: 16/16 MP: 3/3
   217 | D:1      | Gained mutation: You sometimes gain a little power by
                  | taking damage. [demonic ancestry]
   217 | D:1      | Reached XP level 2. HP: 22/22 MP: 5/5
   397 | D:1      | Found a faded altar of an unknown god.
   965 | D:2      | Gained mutation: You are partially covered in yellow
                  | scales. (AC +2) [demonic ancestry]
   965 | D:2      | Reached XP level 3. HP: 20/27 MP: 6/6
  1448 | D:3      | Gained mutation: You have a pair of small antennae on your
                  | head. [demonic ancestry]
  1448 | D:3      | Reached XP level 4. HP: 33/33 MP: 7/7
  1462 | D:3      | Noticed Sigmund
  1531 | D:3      | Noticed Natasha
  1544 | D:3      | Killed Natasha
  1835 | D:3      | Identified the ring "Kezo" {Wiz Str+4 Stlth+}
  1858 | D:3      | Found a basalt altar of Yredelemnul.
  1944 | D:3      | Found a runed translucent door.
  1951 | D:3      | Noticed kalagan's ghost (amateur DECj)
  1972 | D:3      | Killed Sigmund
  1973 | D:3      | Reached XP level 5. HP: 19/38 MP: 4/8
  2045 | D:3      | Found a runed translucent door.
  2068 | D:3      | Noticed Natasha
  2208 | D:3      | Killed Natasha
  2209 | D:3      | Gained mutation: You regenerate a little health from kills.
                  | [demonic ancestry]
  2209 | D:3      | Reached XP level 6. HP: 36/39 MP: 7/9
  2562 | D:3      | Noticed Natasha
  2582 | D:3      | Killed Natasha
  2667 | D:3      | Found a runed translucent door.
  2668 | D:3      | Noticed Crazy Yiuf
  3042 | D:4      | Found a staircase to the Ecumenical Temple.
  3053 | Temple   | Entered the Ecumenical Temple
  3148 | Temple   | Became a worshipper of Hepliaklqana the Forgotten
  3624 | D:4      | Found a hide-covered altar of Uskayaw.
  3629 | D:4      | Found a shadowy altar of Dithmenos.
  3637 | D:4      | Found a snail-covered altar of Cheibriados.
  3642 | D:4      | Found an ornate altar of the Wu Jian Council.
  3653 | D:4      | Found a blossoming altar of Fedhas.
  3661 | D:4      | Found a bloodstained altar of Trog.
  3666 | D:4      | Found a sparkling altar of Nemelex Xobeh.
  3668 | D:4      | Noticed Menkaure
  3676 | D:4      | Killed Menkaure
  3753 | D:4      | Found Uniudgh's Assorted Antiques.
  3942 | D:5      | Entered Level 5 of the Dungeon
  3945 | D:5      | Identified a scroll of acquirement
  3945 | D:5      | Acquired the +4 double sword of the Resonant God {freeze,
                  | *Noise MP-9 Str+3 Int+7}
  3965 | D:5      | Reached * piety under Hepliaklqana
  3975 | D:5      | Gained mutation: You sometimes gain power by taking damage.
                  | [demonic ancestry]
  3975 | D:5      | Reached XP level 7. HP: 6/45 MP: 10/10
  4057 | D:5      | Identified the ring of Vyng {rPois rF+ AC+4 Int+3}
  4101 | D:5      | Reached skill level 3 in Fighting
  4121 | D:5      | Found a sacrificial altar of Ru.
  4144 | D:5      | Found a sand-covered staircase.
  4161 | Ossuary  | Entered an ossuary
  4161 | Ossuary  | Noticed a wraith
  4161 | Ossuary  | Noticed a wraith
  4161 | Ossuary  | Noticed a wraith
  4234 | Ossuary  | Noticed a wraith
  4253 | Ossuary  | Killed a wraith
  4254 | Ossuary  | Gained mutation: You have a pair of antennae on your head.
                  | [demonic ancestry]
  4254 | Ossuary  | Reached XP level 8. HP: 29/54 MP: 2/11
  4695 | D:5      | Reached skill level 4 in Fighting
  4968 | D:5      | Found a radiant altar of Vehumet.
  5412 | D:6      | Reached skill level 5 in Fighting
  5465 | D:6      | Noticed a two-headed ogre
  5473 | D:6      | Killed a two-headed ogre
  5474 | D:6      | Reached skill level 10 in Long Blades
  5474 | D:6      | Reached XP level 9. HP: 49/62 MP: 3/12
  5521 | D:6      | Reached skill level 6 in Fighting
  5594 | D:6      | Reached ** piety under Hepliaklqana
  5595 | D:6      | Remembered your ancestor Thamphthis as a battlemage
  6168 | D:7      | Noticed Duvessa
  6168 | D:7      | Noticed Dowan
  6173 | D:7      | Killed Dowan
  6173 | D:7      | Killed Duvessa
  6174 | D:7      | Reached skill level 7 in Fighting
  6728 | D:7      | Reached XP level 10. HP: 71/71 MP: 4/13
  6816 | D:8      | Found a flagged portal.
  6828 | Bailey   | Entered a bailey
  7249 | D:8      | Reached skill level 8 in Fighting
  7357 | D:8      | Reached *** piety under Hepliaklqana
  7370 | D:8      | Found an ancient bone altar of Kikubaaqudgha.
  7631 | D:8      | Found a staircase to the Lair.
  7653 | D:8      | Reached skill level 9 in Fighting
  8555 | D:9      | Noticed a two-headed ogre
  8560 | D:9      | Killed a two-headed ogre
  8561 | D:9      | Gained mutation: You are mostly covered in yellow scales.
                  | (AC +3) [demonic ancestry]
  8561 | D:9      | Reached XP level 11. HP: 80/80 MP: 5/14
  8641 | D:9      | Reached **** piety under Hepliaklqana
  8676 | D:9      | Found a staircase to the Orcish Mines.
  9299 | Lair:1   | Entered Level 1 of the Lair of Beasts
  9318 | Lair:1   | Identified the +0 robe of Xom's Scorn {Rampage}
  9547 | Lair:1   | Noticed Joseph
  9559 | Lair:1   | Killed Joseph
  9560 | Lair:1   | Reached skill level 10 in Fighting
  9774 | Lair:1   | Reached skill level 15 in Long Blades
  9981 | Lair:1   | Found a transporter.
  9985 | Lair:1   | Found a transporter.
  9985 | Lair:1   | Noticed a boulder beetle
 10147 | Lair:2   | Found a runed translucent door.
 10147 | Lair:2   | Found a shimmering altar of Xom.
 10147 | Lair:2   | Noticed a +2 war axe of chaos
 10147 | Lair:2   | Noticed Coelui Ibad's ghost (journeyman MiBe)
 10220 | Lair:2   | Found a dark tunnel.
 10245 | Volcano  | Entered a volcano
 10477 | Volcano  | Found a burning altar of Makhleb.
 10477 | Volcano  | Noticed a salamander mystic
 10484 | Volcano  | Killed a salamander mystic
 10485 | Volcano  | Gained mutation: You have a pair of large antennae on your
                  | head. (SInv) [demonic ancestry]
 10485 | Volcano  | Reached XP level 12. HP: 72/89 MP: 6/15
 10486 | Volcano  | Noticed a red draconian
 10491 | Volcano  | Reached skill level 11 in Fighting
 10498 | Volcano  | Killed a red draconian
 11023 | Lair:2   | Reached ***** piety under Hepliaklqana
 11200 | Lair:2   | Noticed an eight-headed hydra
 11222 | Lair:2   | Killed a four-headed hydra
 11323 | Lair:2   | Found a staircase to the Shoals.
 11864 | Lair:3   | Reached skill level 12 in Fighting
 11884 | Lair:3   | Noticed a six-headed hydra
 11897 | Lair:3   | Killed a four-headed hydra
 11935 | Lair:3   | Reached skill level 5 in Conjurations
 12331 | Lair:3   | Found a hole to the Spider Nest.
 12593 | Lair:4   | Acquired the +12 double sword of Raof {flame, rElec Str-5
                  | Dex+5}
 12674 | Lair:4   | Found a staircase to the Slime Pits.
 12699 | Lair:4   | Found a frozen archway.
 12727 | IceCv    | Entered an ice cave
 12735 | IceCv    | Gained mutation: You are completely covered in yellow
                  | scales. (AC +4, rCorr) [demonic ancestry]
 12735 | IceCv    | Reached XP level 13. HP: 98/98 MP: 16/16
 12769 | IceCv    | Reached skill level 5 in Dodging
 13168 | IceCv    | Reached skill level 13 in Fighting
 13202 | IceCv    | Noticed a frost giant
 13226 | IceCv    | Killed a frost giant
 13301 | IceCv    | Found the +8 frozen axe "Frostbite" {freeze, freezing
                  | cloud, *Noise Fly rC+}
 14070 | Lair:5   | Entered Level 5 of the Lair of Beasts
 14226 | Lair:5   | Reached skill level 1 in Shields
 14357 | Lair:5   | Gained mutation: You regenerate health from kills. [demonic
                  | ancestry]
 14357 | Lair:5   | Reached XP level 14. HP: 93/107 MP: 17/17
 14420 | Lair:5   | Reached skill level 14 in Fighting
 14643 | Lair:5   | Reached ****** piety under Hepliaklqana
 14705 | Lair:5   | Reached skill level 5 in Shields
 14961 | Orc:1    | Entered Level 1 of the Orcish Mines
 15026 | Orc:1    | Found Guesam's Jewellery Shoppe.
 15056 | Orc:1    | Bought the amulet of the Four Winds {rN+ Will+++ Clar} for
                  | 849 gold pieces
 15056 | Orc:1    | Found the amulet of the Four Winds {rN+ Will+++ Clar}
 15142 | Orc:1    | Noticed an orc warlord
 15163 | Orc:1    | Killed an orc warlord
 15269 | Orc:1    | Found Tiann's CLEARANCE SALE!.
 15600 | Orc:1    | Found a runed translucent door.
 15601 | Orc:1    | Noticed Jophas's ghost (journeyman GnWn)
 15628 | Orc:1    | Killed Jophas's ghost
 15702 | Orc:2    | Entered Level 2 of the Orcish Mines
 15901 | Orc:2    | Found Dudompu's Armour Shop.
 15929 | Orc:2    | Found Urghiy's Distillery.
 15934 | Orc:2    | Gained mutation: You are dopey. (Int -2) [a neqoxec]
 15948 | Orc:2    | Gained mutation: Your magical capacity is low. (-10% MP) [a
                  | neqoxec]
 15951 | Orc:2    | Lost mutation: You are dopey. (Int -2) [potion of mutation]
 15951 | Orc:2    | Lost mutation: Your magical capacity is low. (-10% MP)
                  | [potion of mutation]
 15951 | Orc:2    | Gained mutation: Your flesh is cold resistant. (rC+)
                  | [potion of mutation]
 15951 | Orc:2    | Gained mutation: You do not regenerate when monsters are
                  | visible. [potion of mutation]
 15951 | Orc:2    | Gained mutation: You are resistant to electric shocks.
                  | (rElec) [potion of mutation]
 15952 | Orc:2    | Lost mutation: You do not regenerate when monsters are
                  | visible. [potion of mutation]
 15952 | Orc:2    | Lost mutation: Your flesh is cold resistant. (rC+) [potion
                  | of mutation]
 15952 | Orc:2    | Gained mutation: You are weak. (Str -2) [potion of
                  | mutation]
 15952 | Orc:2    | Gained mutation: Your magical capacity is low. (-10% MP)
                  | [potion of mutation]
 15952 | Orc:2    | Gained mutation: You are robust. (+10% HP) [potion of
                  | mutation]
 15959 | Orc:2    | Bought a potion of curing for 45 gold pieces
 15959 | Orc:2    | Bought 2 potions of curing for 90 gold pieces
 15959 | Orc:2    | Bought a potion of curing for 45 gold pieces
 15959 | Orc:2    | Bought a potion of curing for 45 gold pieces
 15959 | Orc:2    | Bought a potion of invisibility for 120 gold pieces
 15959 | Orc:2    | Bought a potion of mutation for 120 gold pieces
 16065 | Orc:2    | Found a staircase to the Elven Halls.
 16271 | Orc:2    | Noticed Erolcha
 16276 | Orc:2    | Killed Erolcha
 16445 | Orc:2    | Found Rehug's General Store.
 16469 | Orc:2    | Found Quasoe Tosao's General Store.
 16590 | D:10     | Entered Level 10 of the Dungeon
 16856 | D:10     | Reached skill level 15 in Fighting
 16904 | D:10     | Found a snail-covered altar of Cheibriados.
 17438 | D:10     | Lost mutation: You are resistant to electric shocks.
                  | (rElec) [potion of mutation]
 17438 | D:10     | Lost mutation: You are robust. (+10% HP) [potion of
                  | mutation]
 17438 | D:10     | Gained mutation: You are very weak. (Str -4) [potion of
                  | mutation]
 17439 | D:10     | Lost mutation: Your magical capacity is low. (-10% MP)
                  | [potion of mutation]
 17439 | D:10     | Lost mutation: You are very weak. (Str -4) [potion of
                  | mutation]
 17439 | D:10     | Lost mutation: You are weak. (Str -2) [potion of mutation]
 17439 | D:10     | Gained mutation: Your spells are a little harder to cast,
                  | but a little more powerful. [potion of mutation]
 17439 | D:10     | Gained mutation: You are agile. (Dex +4, Str/Int -1)
                  | [potion of mutation]
 17575 | D:11     | Noticed Grum
 17582 | D:11     | Reached XP level 15. HP: 116/116 MP: 18/18
 17585 | D:11     | Killed Grum
 17751 | D:11     | Noticed Sonja
 17757 | D:11     | Killed Sonja
 18608 | D:12     | Found Kajyiw's Magic Scroll Shoppe.
 18612 | D:12     | Bought a scroll of blinking for 90 gold pieces
 18680 | D:12     | Found Nebausua's Armour Emporium.
 18821 | D:12     | Bought a +2 kite shield for 247 gold pieces
 18888 | D:12     | Found Ahuycaishay's Jewellery Boutique.
 18922 | D:12     | Noticed Azrael
 18937 | D:12     | Reached skill level 10 in Shields
 18943 | D:12     | Killed Azrael
 19034 | D:12     | Found Vigixot's Antique Weapon Shop.
 19117 | D:12     | Found Unedo's Armour Boutique.
 19264 | D:13     | Found a huge runed gate.
 19264 | D:13     | Found a huge runed gate.
 19264 | D:13     | Found a huge runed gate.
 19264 | D:13     | Found a huge runed gate.
 19265 | D:13     | Found a huge runed gate.
 19265 | D:13     | Found a huge runed gate.
 19267 | D:13     | Found a huge runed gate.
 19270 | D:13     | Found a huge runed gate.
 19271 | D:13     | Found a huge runed gate.
 19272 | D:13     | Found a huge runed gate.
 19272 | D:13     | Found a huge runed gate.
 19273 | D:13     | Found a huge runed gate.
 19273 | D:13     | Found a huge runed gate.
 19274 | D:13     | Found a huge runed gate.
 19275 | D:13     | Found a huge runed gate.
 19276 | D:13     | Found a huge runed gate.
 19457 | D:13     | Found a huge runed gate.
 19457 | D:13     | Found a huge runed gate.
 19457 | D:13     | Found a huge runed gate.
 19464 | D:13     | Found a huge runed gate.
 19464 | D:13     | Found a huge runed gate.
 19464 | D:13     | Found a huge runed gate.
 19464 | D:13     | Found a huge runed gate.
 19464 | D:13     | Found a huge runed gate.
 19464 | D:13     | Found a huge runed gate.
 19471 | D:13     | Found a huge runed gate.
 19472 | D:13     | Found a huge runed gate.
 19472 | D:13     | Found a huge runed gate.
 19638 | D:13     | Found a huge runed gate.
 19638 | D:13     | Found a huge runed gate.
 19638 | D:13     | Found a huge runed gate.
 19638 | D:13     | Found a huge runed gate.
 19638 | D:13     | Found a huge runed gate.
 19638 | D:13     | Found a huge runed gate.
 19639 | D:13     | Found a huge runed gate.
 19640 | D:13     | Found a huge runed gate.
 19767 | D:13     | Found a gate to the Vaults.
 20036 | D:14     | Reached skill level 16 in Fighting
 20103 | D:14     | Found a hide-covered altar of Uskayaw.
 20690 | D:15     | Entered Level 15 of the Dungeon
 20727 | D:15     | Found a staircase to the Depths.
 21253 | D:15     | Reached XP level 16. HP: 125/125 MP: 19/19
 21366 | D:15     | Noticed a sphinx
 21379 | D:15     | Killed a sphinx
 21863 | D:13     | Noticed a tengu reaver
 21863 | D:13     | Noticed a shadow dragon
 21863 | D:13     | Noticed a tengu reaver
 21863 | D:13     | Noticed a tengu reaver
 21867 | D:13     | Noticed a sphinx
 21932 | D:13     | Killed a tengu reaver
 21941 | D:13     | Killed a sphinx
 21955 | D:13     | Killed a tengu reaver
 22040 | D:12     | Reached skill level 17 in Fighting
 22119 | D:13     | Killed a tengu reaver
 22181 | D:13     | Identified the +8 scimitar of Kyvuis {elec, Str+4 Int+2
                  | Dex-4}
 22834 | Lair:5   | Found the +13 scythe of Curses {drain, curses, Drain}
 23076 | Spider:1 | Entered Level 1 of the Spider Nest
 23085 | Spider:1 | Slain by a tarantella

Illustrated notes

Levels and vault maps discovered:
D:1:      dpeg_arrival_rooms_b, layout_basic,
          dreamdust_ecumenical_altar_sealed_demon
D:2:      layout_basic, minmay_pentomino_t2
D:3:      layout_basic, yredelemnul_altar_generic, ebering_ghost_sewer_f,
          minmay_misc_feat_more_columns, chequers_serial_rivers_small_b,
          uniq_sigmund, uniq_crazy_yiuf_cottage, uniq_natasha
D:4:      layout_cave_pods, grunt_temple_overflow_octagram,
          minmay_temple_entry_hall, serial_shops, shop, uniq_menkaure
D:5:      layout_basic, kennysheep_mini_moat,
          mainiacjoe_overflow_small_starburst, portal_sewer_entry_e,
          enter_ossuary_4, minmay_ogre_servants
D:6:      layout_rooms, minmay_manual_mail
D:7:      layout_basic, dreamdust_princess_corridor, grunt_tough_drop,
          uniq_duvessa
D:8:      layout_cave_pods, kennysheep_vampire_church, hellmonk_lair_entry_icy,
          enter_bailey_5
D:9:      layout_gridville, zombieorc2_lemuel
D:10:     layout_basic, minmay_ruined_shrine
D:11:     layout_cave_pods, serial_co_window_serial, co_window_paths_b,
          co_window_of_opportunity_a, co_window_paths_b, co_window_corner_a,
          co_window_of_opportunity_a, co_window_paths_b, co_window_corner_b,
          co_window_cross_3, co_window_2corner, co_window_broadway_a,
          co_window_sun, co_window_paths_d, glass_columns_a, uniq_sonja,
          uniq_grum
D:12:     layout_basic, serial_shops, shop, shop, nicolae_shop_tiny_glass,
          nicolae_shop_hallway_stairs, shop, uniq_azrael
D:13:     layout_basic, grunt_vaults_entry_tiered, door_vault
D:14:     layout_roguey, nicolae_uskayaw_en_pointe, special_room
          [special_room_orc]
D:15:     grunt_enter_depths_snipers, layout_layer_cave,
          minmay_misc_feat_four_crosses, st_stairs_7, dispersion_dpeg
Temple:   jpeg_temple_clearing
Lair:1:   gammafunk_boulding_lane, layout_chaotic_city,
          chequers_serial_rivers_micro_e, uniq_joseph
Lair:2:   layout_loops_ring, shoals_dummy_entry, ebering_ghost_xom,
          enter_volcano_3
Lair:3:   layout_loops_ring, spider_nest_entry_webs, pdpol_lair_neglected_garden
Lair:4:   layout_small_grid, minmay_slime_entry_pillars,
          portal_ice_cave_entry_imps, st_stairs_13, serial_bayou_pond_d,
          lemuel_fruit_tree
Lair:5:   due_jungle_book, layout_regular_city
Spider:1: layout_spider_delve
Orc:1:    layout_diamond_mine, gammafunk_ghost_grave, serial_shops, shop,
          basic_altar, nicolae_orc_pool_cavern, nicolae_shop_clearance
Orc:2:    st_orc_town, layout_diamond_mine, uniq_erolcha

Skill      XL: |  1  2  3  4  5  6  7  8  9 10 11 12 13 14 15 16 |
---------------+-------------------------------------------------+-----
Long Blades    | 3 4 6 7 8 10 11 13 15 16 | 16.0
Fighting       | 3 5 7 9 10 12 13 15 16 17 | 17.3
Dodging        | 4 7 |  7.2
Conjurations   | 5 8 |  8.2
Shields        | 2 9 12 14 | 14.5
Spellcasting   | |  2.0

Action                     |  1- 3 |  4- 6 |  7- 9 | 10-12 | 13-15 | 16-18 || total
---------------------------+-------+-------+-------+-------+-------+-------++-------
  Melee: Falchion          |   154 |   138 |    36 |       |       |       ||   328
         Punch             |       |     1 |     3 |     6 |     2 |       ||    12
         Double sword      |       |       |   193 |   460 |   863 |   207 ||  1723
         Great sword       |       |       |       |     8 |       |       ||     8
  Throw: Dart              |     3 |     5 |     9 |     2 |       |       ||    19
         Throwing net      |       |       |       |       |     1 |       ||     1
   Cast: Kiss of Death     |       |     5 |       |       |       |       ||     5
 Invoke: Ancestor Identity |       |       |     1 |       |       |       ||     1
         Ancestor Life: Ba |       |       |     1 |       |       |       ||     1
         Recall Ancestor   |       |       |       |       |     3 |     1 ||     4
  Evoke: Wand              |       |       |     6 |     5 |     5 |       ||    16
         Phantom mirror    |       |       |       |     1 |     1 |       ||     2
    Use: Scroll            |       |     7 |     3 |    14 |    11 |     1 ||    36
         Potion            |       |     4 |     1 |     4 |     6 |     1 ||    16
   Stab: Sleeping          |       |     7 |     3 |     2 |     9 |       ||    21
         Distracted        |       |       |     2 |     2 |    25 |     7 ||    36
         Held in net/web   |       |       |       |       |     3 |       ||     3
         Petrified         |       |       |       |       |       |     1 ||     1
 Armour: Leather armour    |    61 |    42 |    78 |    32 |       |       ||   213
         Steam dragon scal |       |       |       |   119 |    81 |       ||   200
         Acid dragon scale |       |       |       |     8 |       |       ||     8
         Troll leather arm |       |       |       |       |   127 |    43 ||   170
  Dodge: Dodged            |    88 |    73 |   121 |   258 |   434 |    86 ||  1060
  Block: Other             |       |       |    30 |    75 |       |       ||   105
         Reflection        |       |       |     1 |     3 |       |       ||     4
         Kite shield       |       |       |       |       |   478 |   149 ||   627
